 Dungeon Crawl Stone Soup version 0.29.1-15-g9cfb28693d (webtiles) character file.

Game seed: 16638520618462810407

16753 hawla the Reanimator (level 12, -2/64 HPs)
             Began as a Deep Elf Fire Elementalist on Apr 10, 2023.
             Was the Champion of Jiyva.
             Slain by a wyvern (6 damage)
             ... on level 3 of the Lair of Beasts on Apr 11, 2023.
             The game lasted 00:36:44 (11085 turns).

hawla the Reanimator (Deep Elf Fire Elementalist)  Turns: 11085, Time: 00:36:45

Health: -2/64      AC:  6    Str:  5    XL:     12   Next: 12%
Magic:  19/29      EV: 15    Int: 26    God:    Jiyva [******]
Gold:   130        SH:  0    Dex: 15    Spells: 18/33 levels left

rFire   + . .      SeeInvis +   y - staff of poison
rCold   . . .      Faith    .   (no shield)
rNeg    . . .      Spirit   .   a - +1 robe
rPois   +          Reflect  .   q - +0 helmet
rElec   .          Harm     .   (no cloak)
rCorr   +          Rampage  .   (no gloves)
rMut    +                       (no boots)
Will    +....                   (no amulet)
Stlth   +++.......              c - ring of see invisible
HPRegen 1.80/turn               g - ring of protection from fire
MPRegen 0.71/turn

@: mighty, marked, animating dead, invisible
A: hooves 1, iridescent scales 1, mutation resistance 3, sense surroundings 1,
translucent skin 3, jelly absorbing missiles
a: Renounce Religion, Oozemancy, Slimify


You were on level 3 of the Lair of Beasts.
You worshipped Jiyva.
Jiyva was exalted by your worship.
You visited 2 branches of the dungeon, and saw 11 of its levels.
You also visited: Sewer and Ossuary.

You collected 398 gold pieces.
You spent 268 gold pieces at shops.

Inventory:

Hand Weapons
 l - a +0 quarterstaff
 t - the +5 mace "Sypsuku" {vamp, rN+ Int+5}
   (You bought it in a shop on level 6 of the Dungeon)

   It occasionally heals its wielder for a portion of the damage dealt when it
   wounds a living foe.
   Int:       It affects your intelligence (+5).
   rN:        It protects you from negative energy.
Armour
 a - a +1 robe (worn)
 q - a +0 helmet (worn)
 r - the +8 chain mail of the Eternal Void {rN+ Slay+5}
   (You found it on level 1 of the Lair of Beasts)

   Slay:      It affects your accuracy & damage with ranged weapons and melee
   (+5).
   rN:        It protects you from negative energy.
Magical Staves
 j - a staff of death
 y - a staff of poison (weapon)
Jewellery
 c - a ring of see invisible (left hand)
 g - a ring of protection from fire (right hand)
 k - a ring of ice
Wands
 i - a wand of charming (12)
 n - a wand of polymorph (9)
 u - a wand of mindburst (5)
 A - a wand of digging (4)
 B - a wand of flame (24) (quivered)
Scrolls
 h - 5 scrolls of teleportation
 v - a scroll of amnesia
 x - a scroll of fear
Potions
 b - a potion of magic
 d - 4 potions of haste
 e - a potion of flight
 f - 3 potions of cancellation
 m - a potion of brilliance {unknown}
 p - a potion of might
 s - a potion of resistance {unknown}
 z - a potion of heal wounds {unknown}


   Skills:
 - Level 2.5 Fighting
 - Level 0.8(4.4) Maces & Flails
 - Level 9.3 Staves
 - Level 6.1 Dodging
 - Level 2.9 Stealth
 - Level 11.2 Spellcasting
 - Level 5.1 Conjurations
 + Level 12.4 Necromancy
 - Level 9.0 Fire Magic
 - Level 3.0 Poison Magic
 - Level 3.4 Evocations


You had 18 spell levels left.
You knew the following spells:

 Your Spells              Type           Power      Damage    Failure   Level
a - Foxfire               Conj/Fire      100%       2x1d9     1%          1
b - Scorch                Fire           100%       2d10      1%          2
c - Infestation           Necr           34%        N/A       85%         8
d - Animate Dead          Necr           68%        N/A       1%          4

Your spell library contained the following spells:

 Spells                   Type           Power      Damage    Failure   Level
 Conjure Flame            Conj/Fire      51%        6-21      1%          3
 Inner Flame              Hex/Fire       38%        N/A       1%          3
 Flame Wave               Conj/Fire      51%        2d13      2%          4
 Haunt                    Necr/Summ      23%        N/A       95%         7
 Chain Lightning          Conj/Air       14%        3d18      100%        9
 Fire Storm               Conj/Fire      25%        8d7       100%        9
 Shatter                  Erth           7%         3d9*      100%        9


Dungeon Overview and Level Annotations

Branches:
Dungeon (8/15)             Temple (0/1) D:5            Lair (3/5) D:8
  Swamp (0/4) Lair:2        Snake (0/4) Lair:2        Sewer (visited)
Ossuary (visited)

Altars:
Ashenzari
Cheibriados
Fedhas
Okawaru
Qazlal
Ru
Xom
Yredelemnul

Shops:
D:2 *   D:6 (

Annotations:
D:5 2 transporters


Innate Abilities, Weirdness & Mutations

You have large cloven feet.
You are partially covered in iridescent scales. (AC +2)
You are almost entirely resistant to further mutation and mutation removal.
You passively map a small area around you.
Your transparent skin significantly reduces your foes' accuracy. (Stealth+)
You have a small jelly attached to you that may absorb projectiles.


Message History

You conjure some foxfire!
The blink frog closely misses you.
A wyvern comes into view.
The blink frog blinks!
The blink frog hits you.
The blink frog blinks!
Casting: Foxfire (safe; 1% risk of failure)
Confirm with . or Enter, or press ? or * to list all spells.
Flames lash the blink frog.
The blink frog is heavily wounded.
The blink frog's fire resistance burns away.
The foxfire hits the blink frog.
The blink frog is lightly wounded.
The foxfire hits the blink frog.
The blink frog is lightly wounded.
The blink frog hits you!
* * * LOW HITPOINT WARNING * * *
The blink frog blinks!
Your blink frog zombie hits the wyvern.
Unknown command.
You feel better. The blink frog hits you.
* * * LOW HITPOINT WARNING * * *
The wyvern barely misses you.
The blink frog barely misses your blink frog zombie.
The blink frog hits you but does no damage.
Your blink frog zombie hits the wyvern.
The blink frog hits you!
* * * LOW HITPOINT WARNING * * *
The wyvern misses you.
You fade into invisibility!
The blink frog hits your blink frog zombie!
The blink frog barely misses you.
Your blink frog zombie hits the wyvern!
The blink frog misses you. The wyvern closely misses you.
The blink frog hits your blink frog zombie.
The blink frog barely misses you.
It was a potion of might.
You feel very mighty all of a sudden.
The blink frog is no longer more vulnerable to fire.
The wyvern closely misses you. The blink frog barely misses you.
Your blink frog zombie closely misses the wyvern.
The blink frog hits your blink frog zombie!
The blink frog blinks!
The blink frog hits you.
* * * LOW HITPOINT WARNING * * *
The wyvern bites you.
You die...

, , ...#####. ,
......". ,
,,.......,
...... , ##....
, ,* #....# , ,
, #.F#.# *
*##.@F## *, ,.,
#P.l..# ,#
P.####.Z### *,.
,, .......ยง..#
*.##
........#####..#
,,
.........##P...#
..............#
,
..............##
..
P.............P#


You could see 2 blink frogs, a wyvern (unable to see you) and a friendly blink
frog zombie.

Vanquished Creatures
  A black mamba (Lair:3)
  Joseph (Lair:1)
  An elephant (Lair:2)
  4 cane toads
  2 komodo dragons
  4 blink frogs (Lair:3)
  Grinder (D:3)
  A dream sheep (Lair:3)
  Sigmund (D:2)
  2 yaks (Lair:3)
  2 basilisks (D:8)
  A human (D:6)
  A steam dragon (D:8)
  3 water moccasins
  Duvessa (D:7)
  2 black bears
  4 bullfrogs
  2 kobold brigands
  A scorpion (D:8)
  3 wights (D:6)
  Dowan (D:7)
  A howler monkey (D:7)
  An electric eel (D:8)
  3 hounds
  3 jellies (Sewer)
  3 orc priests
  A gnoll bouda (D:7)
  Jessica (D:2)
  5 iguanas
  An orc wizard (D:8)
  4 mummies
  Robin (D:3)
  18 gnolls
  5 adders
  9 river rats
  A shadow imp (D:8)
  2 ufetubi
  5 adder zombies (Ossuary)
  4 worms
  A dart slug (D:2)
  17 orcs
  10 ball pythons
  5 bats
  11 endoplasms
  5 giant cockroaches
  16 goblins
  7 hobgoblins
  2 jackals (D:2)
  12 kobolds
  4 frilled lizards
  A goblin zombie (Ossuary)
  3 hobgoblin zombies (Ossuary)
  3 kobold zombies (Ossuary)
  26 rats
  6 rat zombies (Ossuary)
236 creatures vanquished.

Vanquished Creatures (collateral kills)
  A hydra (Lair:3)
  A goliath frog (Lair:2)
  A black mamba (Lair:3)
  4 elephants (Lair:1)
  4 cane toads
  5 komodo dragons
  A blink frog (Lair:3)
  3 dream sheep (Lair:3)
  A wyvern (D:8)
  19 yaks
  A basilisk (Lair:1)
  3 nagas (Lair:2)
  3 water moccasins
  An orc warrior (D:8)
  A black bear (Lair:2)
  2 bullfrogs
  A scorpion (Lair:1)
  A gnoll bouda (D:8)
  2 orc priests (D:8)
  A gnoll (D:8)
  2 foxfires
58 creatures vanquished.

Vanquished Creatures (others)
  A steam dragon (D:7)
  A water moccasin (D:8)
  A black bear (D:7)
  2 blink frog zombies (Lair:3)
  2 elephant zombies
  2 centaurs
  2 bullfrogs (Lair:1)
  2 scorpions
  3 yak zombies
  An orc priest (D:8)
  29 jellies
  An orc wizard (D:8)
  An adder (D:4)
  A white imp (D:4)
  3 orcs
  2 endoplasms (D:4)
  A giant cockroach (D:4)
  A goblin (D:4)
  5 kobolds
  A kobold skeleton (D:6)
  A rat (D:7)
  4 bushes (D:8)
  271 foxfires
  22 fungi
  50 plants
410 creatures vanquished.

Grand Total: 704 creatures vanquished

Notes
Turn   | Place    | Note
-------+----------+-------------------------------------------
     0 | D:1      | hawla the Deep Elf Fire Elementalist began the quest for
                  | the Orb.
     0 | D:1      | Reached XP level 1. HP: 10/10 MP: 6/6
   366 | D:1      | Reached XP level 2. HP: 15/15 MP: 6/8
   369 | D:1      | Learned a level 2 spell: Scorch
  1000 | D:2      | Reached XP level 3. HP: 19/19 MP: 0/10
  1363 | D:2      | Noticed Jessica
  1367 | D:2      | Killed Jessica
  1406 | D:2      | Reached XP level 4. HP: 24/24 MP: 9/12
  1411 | D:2      | Learned a level 4 spell: Flame Wave
  1497 | D:2      | Noticed Sigmund
  1505 | D:2      | Killed Sigmund
  1506 | D:2      | Reached skill level 2 in Necromancy
  1506 | D:2      | Reached XP level 5. HP: 28/28 MP: 5/13
  1607 | D:2      | Found a faded altar of an unknown god.
  1954 | D:2      | Found Onarudd's General Store.
  1957 | D:2      | Bought a scroll of identify for 26 gold pieces
  1957 | D:2      | Bought a scroll of identify for 26 gold pieces
  2565 | D:3      | Noticed Robin
  2573 | D:3      | Killed Robin
  2814 | D:3      | Reached XP level 6. HP: 32/32 MP: 8/14
  3134 | D:3      | Noticed Grinder
  3137 | D:3      | Paralysed by Grinder for 4 turns
  3142 | D:3      | Killed Grinder
  3143 | D:3      | Reached skill level 3 in Necromancy
  3162 | D:3      | Found a glowing drain.
  3175 | Sewer    | Entered a sewer
  3533 | Sewer    | Reached XP level 7. HP: 36/36 MP: 7/15
  3677 | Sewer    | Found a viscous altar of Jiyva.
  3758 | Sewer    | Became a worshipper of Jiyva Joevvupp the Shapeless
  4470 | D:4      | Found a transporter.
  4708 | D:4      | Found an iron altar of Okawaru.
  4711 | D:4      | Reached * piety under Jiyva
  4771 | D:4      | Found a snail-covered altar of Cheibriados.
  5060 | D:4      | Found a transporter.
  5092 | D:4      | Found a broken altar of Ashenzari.
  5148 | D:4      | Reached ** piety under Jiyva
  5520 | D:5      | Entered Level 5 of the Dungeon
  5524 | D:5      | Reached skill level 5 in Staves
  5570 | D:5      | Found a staircase to the Ecumenical Temple.
  5580 | D:5      | Found a transporter.
  5631 | D:5      | Found a transporter.
  5647 | D:5      | Found a shimmering altar of Xom.
  5788 | D:5      | Reached *** piety under Jiyva
  5796 | D:5      | Gained mutation: Your melee attacks may engulf your foes in
                  | ooze. [Jiyva's grace]
  5796 | D:5      | Gained mutation: You are covered in slimy tendrils that may
                  | disarm your opponents. [Jiyva's grace]
  5796 | D:5      | Gained mutation: You have a somewhat thin skeletal
                  | structure. (Dex +2, Stealth+) [Jiyva's grace]
  5796 | D:5      | Gained mutation: You have a moderately thin skeletal
                  | structure. (Dex +4, Stealth++) [Jiyva's grace]
  6063 | D:6      | Found Aduet's Antique Weapon Boutique.
  6168 | D:6      | Reached XP level 8. HP: 27/41 MP: 10/16
  6325 | D:6      | Found a stormy altar of Qazlal.
  6432 | D:6      | Reached **** piety under Jiyva
  6480 | D:6      | Found a runed translucent door.
  6484 | D:6      | Found a basalt altar of Yredelemnul.
  6767 | D:7      | Reached skill level 1 in Poison Magic
  6875 | D:7      | Noticed Duvessa
  6882 | D:7      | Noticed Dowan
  6884 | D:7      | Killed Duvessa
  6885 | D:7      | Killed Dowan
  6892 | D:7      | Lost mutation: You have a moderately thin skeletal
                  | structure. (Dex +4, Stealth++) [potion of mutation]
  6892 | D:7      | Lost mutation: Your melee attacks may engulf your foes in
                  | ooze. [potion of mutation]
  6892 | D:7      | Lost mutation: You are covered in slimy tendrils that may
                  | disarm your opponents. [potion of mutation]
  6892 | D:7      | Gained mutation: You have large cloven feet. [potion of
                  | mutation]
  6892 | D:7      | Gained mutation: You expend magic power (3 MP) to
                  | strengthen your wands. [potion of mutation]
  6892 | D:7      | Lost mutation: You have a somewhat thin skeletal structure.
                  | (Dex +2, Stealth+) [potion of mutation]
  6892 | D:7      | Gained mutation: You are partially covered in iridescent
                  | scales. (AC +2) [potion of mutation]
  7095 | D:7      | Found a sacrificial altar of Ru.
  7497 | D:7      | Found a blossoming altar of Fedhas.
  7593 | D:8      | Reached ***** piety under Jiyva
  7658 | D:8      | Reached XP level 9. HP: 46/46 MP: 18/18
  7692 | D:8      | Found a sand-covered staircase.
  7698 | Ossuary  | Entered an ossuary
  7705 | Ossuary  | Reached skill level 5 in Spellcasting
  7945 | D:8      | Gained mutation: You have a small jelly attached to you
                  | that may absorb projectiles. [Jiyva's grace]
  7945 | D:8      | Gained mutation: Your translucent skin slightly reduces
                  | your foes' accuracy. (Stealth+) [Jiyva's grace]
  7945 | D:8      | Gained mutation: Your translucent skin reduces your foes'
                  | accuracy. (Stealth+) [Jiyva's grace]
  7945 | D:8      | Gained mutation: Your transparent skin significantly
                  | reduces your foes' accuracy. (Stealth+) [Jiyva's grace]
  7964 | D:8      | Reached skill level 5 in Fire Magic
  8122 | D:6      | Bought a scorched mace for 216 gold pieces
  8122 | D:6      | Identified the +5 mace "Sypsuku" {vamp, rN+ Int+5} (You
                  | bought it in a shop on level 6 of the Dungeon)
  8237 | D:8      | Reached skill level 1 in Fighting
  8246 | D:8      | Reached skill level 5 in Dodging
  8248 | D:8      | Reached XP level 10. HP: 36/53 MP: 15/23
  8253 | D:8      | Found a staircase to the Lair.
  8880 | Lair:1   | Entered Level 1 of the Lair of Beasts
  8974 | Lair:1   | You fall into a shaft and drop 1 floor!
  9027 | Lair:2   | Found a staircase to the Swamp.
  9075 | Lair:2   | Reached skill level 5 in Conjurations
  9219 | Lair:2   | Learned a level 4 spell: Animate Dead
  9225 | Lair:2   | Noticed a cane toad
  9228 | Lair:2   | Noticed a cane toad
  9233 | Lair:2   | Killed a cane toad
  9234 | Lair:2   | Reached skill level 4 in Necromancy
  9239 | Lair:2   | Killed a cane toad
  9240 | Lair:2   | Reached skill level 5 in Necromancy
  9290 | Lair:2   | Found a staircase to the Snake Pit.
  9291 | Lair:2   | Noticed a cane toad
  9297 | Lair:2   | Killed a cane toad
  9298 | Lair:2   | Reached skill level 6 in Necromancy
  9356 | Lair:1   | Noticed Joseph
  9356 | Lair:1   | Noticed a cane toad
  9364 | Lair:1   | Killed a cane toad
  9365 | Lair:1   | Reached skill level 7 in Necromancy
  9367 | Lair:1   | Killed Joseph
  9368 | Lair:1   | Reached skill level 8 in Necromancy
  9370 | Lair:1   | Reached XP level 11. HP: 20/57 MP: 14/26
  9377 | Lair:1   | Reached skill level 9 in Necromancy
  9525 | Lair:1   | Reached ****** piety under Jiyva
  9541 | Lair:1   | Lost mutation: You expend magic power (3 MP) to strengthen
                  | your wands. [Jiyva's grace]
  9541 | Lair:1   | Gained mutation: You are somewhat resistant to further
                  | mutation. [Jiyva's grace]
  9541 | Lair:1   | Gained mutation: You are somewhat resistant to both further
                  | mutation and mutation removal. [Jiyva's grace]
  9541 | Lair:1   | Gained mutation: You are almost entirely resistant to
                  | further mutation and mutation removal. [Jiyva's grace]
  9541 | Lair:1   | Gained mutation: You passively map a small area around you.
                  | [Jiyva's grace]
  9568 | Lair:1   | Reached skill level 10 in Necromancy
  9572 | Lair:1   | Reached skill level 11 in Necromancy
  9742 | Lair:1   | Identified the +8 chain mail of the Eternal Void {rN+
                  | Slay+5}
 10535 | Lair:2   | Noticed a four-headed hydra
 10568 | Lair:2   | Noticed a goliath frog
 10568 | Lair:2   | a four-headed hydra changed into a goliath frog
 10571 | Lair:2   | Killed a goliath frog
 10756 | Lair:3   | Noticed a five-headed hydra
 10770 | Lair:3   | Reached skill level 10 in Spellcasting
 10794 | Lair:3   | Killed a five-headed hydra
 10922 | Lair:3   | Reached XP level 12. HP: 38/64 MP: 19/29
 10933 | Lair:3   | Learned a level 8 spell: Infestation
 10969 | Lair:3   | Reached skill level 12 in Necromancy
 11085 | Lair:3   | Slain by a wyvern

Illustrated notes

Levels and vault maps discovered:
D:1:      psy_arrival_dodecagon, layout_loops_ring
D:2:      layout_loops_corners, serial_shops, nicolae_shop_behind_doors,
          shapermc_ecumenical_altar_pompeii, eino_tiny_chamber,
          minmay_hexomino_p4, uniq_jessica, uniq_sigmund
D:3:      layout_loops_corners, portal_sewer_entry_d, minmay_misc_feat_ornament,
          uniq_robin, uniq_grinder
D:4:      layout_loops_ring, slow_altar_1, mainiacjoe_overflow_catwalk,
          gammafunk_temple_overflow_arena, kennysheep_generic_room_14
D:5:      gammafunk_wand_slinger, layout_cave_pools, mainiacjoe_overflow_paths,
          minmay_temple_entry_wispy, hangedman_abyss_or_decor_lesser_grid
D:6:      layout_loops_cross, grunt_qazlal_clouds, dk_yredelemnul_ordeal,
          serial_shops, shop
D:7:      layout_loops_cross, fedhas_altar_4, nicolae_ru_path_of_blood,
          dk_rats_in_the_wall, uniq_duvessa
D:8:      layout_cave_pods, minmay_lair_entry_grove, nicolae_ossuary_entry_plus,
          kennysheep_pointless_box
Lair:1:   layout_long_grid, st_stairs_7, uniq_joseph
Lair:2:   layout_cave_pods, swamp_mist, minmay_snake_entry_guardpost_small,
          st_stairs_3, nicolae_quartered_pool_little,
          infiniplex_staircase_pool_2
Lair:3:   layout_chaotic_city

Skill      XL: |  1  2  3  4  5  6  7  8  9 10 11 12 |
---------------+-------------------------------------+-----
Dodging        | 3 5 6 |  6.1
Spellcasting   | 4 7 9 11 | 11.2
Fire Magic     | 4 6 7 9 |  9.0
Conjurations   | 4 5 |  5.1
Necromancy     | 2 3 8 11 12 | 12.4
Staves         | 3 6 8 9 |  9.3
Evocations     | 3 |  3.4
Poison Magic   | 3 |  3.0
Fighting       | 1 2 |  2.5
Maces & Flails | |  0.8
Stealth        | |  2.9

Action                   |  1- 3 |  4- 6 |  7- 9 | 10-12 || total
-------------------------+-------+-------+-------+-------++-------
Melee: Unarmed           |     1 |       |       |       ||     1
       Staff             |       |    42 |   183 |    52 ||   277
       Punch             |       |     1 |     6 |       ||     7
       Kick              |       |       |    40 |    18 ||    58
       Mace              |       |       |     2 |     3 ||     5
 Cast: Foxfire           |    40 |    32 |    47 |    47 ||   166
       Scorch            |    10 |    19 |    52 |    85 ||   166
       Flame Wave        |       |     2 |    19 |     7 ||    28
       Animate Dead      |       |       |       |     8 ||     8
Evoke: Wand              |       |       |       |     8 ||     8
  Use: Scroll            |       |    10 |     2 |     7 ||    19
       Potion            |       |       |     4 |     9 ||    13
 Stab: Sleeping          |       |     3 |     6 |       ||     9
       Distracted        |       |       |       |     1 ||     1
Armor: Robe              |       |     6 |    45 |    21 ||    72
       Skin              |       |       |       |    12 ||    12
Dodge: Dodged            |     2 |    33 |   179 |   121 ||   335
